 Dungeon Crawl Stone Soup version 0.31.0-11-ge490571c62 (webtiles) character file.

Game seed: 5808101145264697252

100 Gadfly the Insei (level 4, 13/35 HPs)
             Began as a Demonspawn Monk on Feb 5, 2024.
             Quit the game on level 3 of the Dungeon.
             The game lasted 00:02:07 (1845 turns).

Gadfly the Insei (Demonspawn Monk)                  Turns: 1845, Time: 00:02:07

Health: 13/35      AC:  6    Str: 13    XL:     4   Next: 47%
Magic:  4/4        EV: 13    Int: 10    God:
Gold:   96         SH:  0    Dex: 16    Spells: 3/3 levels left

rFire   . . .        b - +0 dagger (venom)
rCold   . . .        c - orb {light}
rNeg    . . .        a - +0 robe
rPois   .            j - +1 helmet
rElec   .            i - +1 cloak
rCorr   .            (no gloves)
SInv    .            (no boots)
Will    .....        (no amulet)
Stlth   +            (no ring)
HPRegen 0.25/turn    (no ring)
MPRegen 0.18/turn

%: no passive effects
@: glowing
A: claws 1, magic regeneration
a: no special abilities


You were on level 3 of the Dungeon.
You visited 1 branch of the dungeon, and saw 3 of its levels.

You collected 96 gold pieces.

Inventory:

Hand Weapons
 b - a +0 dagger of venom (weapon)
Armour
 a - a +0 robe (worn)
 c - an orb of light (worn)
 f - a +0 pair of gloves
 i - a +1 cloak (worn)
 j - a +1 helmet (worn)
Scrolls
 d - 2 scrolls of teleportation
Potions
 e - a potion of brilliance {unknown}
 g - a potion of haste
 h - a potion of lignification {unknown}
 k - a potion of might


   Skills:
 - Level 3.0 Fighting
 + Level 3.0 Dodging
 * Level 3.4 Unarmed Combat
 * Level 2.0 Evocations
 * Level 1.7 Shapeshifting


You had 3 spell levels left.
You didn't know any spells.
Your spell library was empty.

Dungeon Overview and Level Annotations

Branches:
Dungeon (3/15)

Altars:
Dithmenos


Innate Abilities, Weirdness & Mutations

You have sharp fingernails.
You regenerate magic rapidly.


Message History

You are too injured to fight recklessly!
You are too injured to fight recklessly!
You are too injured to fight recklessly!
You are too injured to fight recklessly!
You are too injured to fight recklessly!
You are too injured to fight recklessly!
You are too injured to fight recklessly!
You are too injured to fight recklessly!
You are too injured to fight recklessly!
You are too injured to fight recklessly!
You are too injured to fight recklessly!
You are too injured to fight recklessly!
You hit the orc priest.
The orc priest looks even sicker.
The orc priest is moderately wounded.
The orc barely misses you.
The orc priest miscasts a cantrip.
You hit the orc priest.
The orc priest looks as sick as possible!
The orc priest is severely wounded.
The orc misses you.
The orc priest looks encouraged for a moment.
You hit the orc priest.
You kill the orc priest!
The orc hits you with a +0 dagger.
Your Evocations skill increases to level 2!
The orc hits you with a +0 dagger.
You see here a +0 short sword.
You hit the orc.
The orc is poisoned.
The orc is lightly wounded.
The orc closely misses you.
You hit the orc but do no damage.
The orc looks as sick as possible!
The orc is lightly wounded.
The orc barely misses you.
You hit the orc.
The orc looks as sick as possible!
The orc is heavily wounded.
The orc hits you with a +0 dagger.
You hit the orc.
You kill the orc!
Items here: ))) †††.
Are you sure you want to abandon this character and quit the game? (Confirm with "yes".)

#......# #......# ##
#......## .#
##)....... .#
#.......... ..
#)######### .###
#..##########...
##.....)...)#.###.##
#..........@.......
#.....########.#.##
#....## #....#
######


There were no monsters in sight!

Vanquished Creatures
  An orc priest (D:3)
  An orc wizard (D:3)
  A dart slug (D:2)
  5 orcs (D:3)
  4 ball pythons
  4 bats
  4 endoplasms
  A giant cockroach (D:2)
  4 goblins (D:1)
  5 hobgoblins
  A kobold (D:1)
  A quokka (D:2)
  3 frilled lizards
  2 rats (D:1)
37 creatures vanquished.

Notes
Turn   | Place    | Note
-------+----------+-------------------------------------------
     0 | D:1      | Gadfly the Demonspawn Monk began the quest for the Orb.
     0 | D:1      | Reached XP level 1. HP: 18/18 MP: 1/1
   392 | D:1      | Gained mutation: You have sharp fingernails. [demonic
                  | ancestry]
   392 | D:1      | Reached XP level 2. HP: 19/24 MP: 2/2
   614 | D:1      | Found a faded altar of an unknown god.
   740 | D:1      | Reached skill level 1 in Evocations
   740 | D:1      | Reached skill level 1 in Shapeshifting
  1189 | D:2      | Reached XP level 3. HP: 29/29 MP: 3/3
  1362 | D:2      | Found a shadowy altar of Dithmenos.
  1829 | D:3      | Gained mutation: You regenerate magic rapidly. [demonic
                  | ancestry]
  1829 | D:3      | Reached XP level 4. HP: 31/35 MP: 4/4
  1845 | D:3      | Quit the game

Illustrated notes

Levels and vault maps discovered:
D:1:      dpeg_cavernosity, layout_basic,
          hellmonk_ecumenical_altar_heavens_door, minmay_ruptured
D:2:      layout_loops_ring, basic_altar, roderic_lattice_a
D:3:      layout_rooms, nicolae_ru_the_path_less_chosen, amethyst_killhole,
          chequers_mini_garden, minmay_misc_feat_enclosed, solitary_fountain

Skill      XL: |  1  2  3  4 |
---------------+-------------+-----
Evocations     | 1 2 |  2.0
Shapeshifting  | 1 |  1.7
Unarmed Combat | 3 |  3.4
Dodging        | 3 |  3.0
Fighting       | |  3.0

Action                     |  1- 3 |  4- 6 || total
---------------------------+-------+-------++-------
  Melee: Unarmed           |    94 |       ||    94
         Dagger            |    16 |    14 ||    30
    Use: Potion            |     2 |       ||     2
         Scroll            |     6 |       ||     6
 Armour: Robe              |    55 |     5 ||    60
  Dodge: Dodged            |    78 |     7 ||    85
